Map: Acid Plant LE

Players

Neeb

  • Race: Protoss Protoss
  • Spawn Location: 5:00

TYTY (TY) - Winner!

  • Race: Terran Terran
  • Spawn Location: 11:00

Event: 2018 WCS Global Finals

VOD

Have the link to the VOD?

Description

Time

  • Played on: Oct. 26, 2018, 1:06 p.m.
  • Length: 10:27

All games in this series

Show
View Real Time Build Order
Export as new Build Order

Neeb Protoss 

Build Orders: Oracle Opening, Phoenix Opening 

Get SALT Encoding   

  12  0:00  Probe  
  13  0:12  Probe  
  14  0:17  Pylon  
  14  0:23  Probe  
  15  0:31  Probe  
  16  0:37  Gateway  
  16  0:39  Probe  
  16  0:46  Assimilator  
  17  0:51  Probe  
  18  1:00  Probe  
  19  1:05  Assimilator, Pylon  
  19  1:08  Probe  
  19  1:17  Probe  
  20  1:24  Cybernetics Core  
  21  1:28  Zealot  
  23  1:33  Probe  
  24  1:45  Probe  
  25  1:53  Stalker  
  25  1:57  Probe  
  25  2:01  Stargate  
  28  2:09  Probe  
  29  2:18  Pylon  
  29  2:23  Stalker, Shield Battery  
  30  2:42  Oracle  
  30  2:51  Probe  
  30  3:03  Probe  
  31  3:06  Warp Gate  
  31  3:11  Phoenix  
  31  3:15  Probe  
  34  3:31  Nexus  
  34  3:37  Pylon  
  34  3:49  Phoenix  
  34  3:50  Probe  
  37  4:02  Probe  
  38  4:11  Phoenix  
  38  4:14  Probe  
  41  4:26  Probe  
  41  4:28  Phoenix  
  41  4:38  Probe  
  41  4:44  Probe  
  43  4:50  Probe  
  44  4:52  Probe  
  44  4:59  Oracle  
  48  5:02  Probe  
  48  5:05  Probe  
  49  5:08  Nexus  
  50  5:15  Probe  
  50  5:17  Probe  
  50  5:18  Pylon  
  52  5:27  Probe  
  53  5:29  Probe  
  53  5:33  Robotics Facility  
  54  5:39  Probe  
  54  5:41  Probe  
  56  5:42  Assimilator  
  56  5:44  Forge  
  56  5:46  Assimilator  
  56  5:50  Twilight Council  
  56  5:51  Probe  
  56  5:56  Gateway  
  57  5:57  Sentry  
  57  5:58  Probe  
  57  6:03  Gateway  
  60  6:08  Probe  
  60  6:09  Protoss Ground Armor Level 1  
  61  6:15  Immortal  
  60  6:20  Probe  
  60  6:21  Robotics Bay  
  60  6:30  Zealot  
  60  6:31  Probe  
  67  6:34  Probe  
  67  6:35  Probe  
  69  6:43  Probe  
  70  6:48  Observer  
  70  6:50  Probe  
  68  6:58  Stalker  
  70  7:09  Gateway x2  
  70  7:10  Probe, Pylon  
  70  7:12  Observer  
  70  7:13  Pylon  
  70  7:15  Pylon  
  69  7:18  Probe  
  69  7:22  Probe  
  70  7:28  Charge, Gateway  
  70  7:29  Gateway  
  70  7:30  Probe  
  71  7:44  Protoss Ground Armor Level 2  
  71  7:49  Gateway  
  71  7:52  Gateway  
  71  7:53  Gateway  
  71  7:57  Nexus  
  71  8:09  Templar Archives, Probe  
  71  8:10  Probe  
  73  8:17  Pylon  
  73  8:21  Probe  
  73  8:22  Probe  
  75  8:27  Zealot  
  75  8:28  Zealot x2  
  81  8:34  Probe  
  80  8:47  Probe  
  78  8:49  Warp Prism, Probe  
  77  8:59  Probe  
  80  9:03  Zealot  
  80  9:04  Zealot x2  
  86  9:11  High Templar x2  
  86  9:12  High Templar x2  
  86  9:16  Archon x2  
  86  9:17  High Templar x2  
  95  9:19  Zealot  
  99  9:27  Archon  
  99  9:32  Pylon  
  99  9:47  Zealot x7  
  83  10:10  Zealot x6  
  83  10:11  Zealot x2  
Show
View Real Time Build Order
Export as new Build Order

TYTY Terran - Winner!

Build Orders:  

Get SALT Encoding   

  12  0:00  SCV  
  13  0:12  SCV  
  14  0:17  Supply Depot  
  14  0:24  SCV  
  15  0:39  SCV  
  15  0:40  Barracks  
  16  0:46  Refinery  
  16  0:51  SCV  
  17  0:58  Refinery  
  17  1:03  SCV  
  18  1:15  SCV  
  19  1:30  Orbital Command  
  19  1:32  Ghost Academy  
  19  1:46  Supply Depot  
  19  1:49  Barracks Tech Lab  
  19  1:56  SCV  
  20  2:04  Factory  
  20  2:12  Ghost  
  20  2:15  SCV  
  23  2:27  SCV  
  23  2:29  Supply Depot  
  24  2:39  SCV  
  27  2:49  Widow Mine  
  27  2:51  SCV  
  25  3:00  Command Center  
  25  3:05  SCV  
  25  3:12  Cyclone  
  29  3:18  SCV  
  30  3:23  Starport  
  30  3:30  SCV  
  31  3:38  Supply Depot  
  31  3:42  SCV  
  31  3:44  Cyclone  
  35  3:54  SCV  
  36  3:59  Viking  
  38  4:06  SCV  
  39  4:13  Orbital Command  
  39  4:18  Cyclone, SCV  
  42  4:30  SCV, Starport Tech Lab  
  42  4:39  SCV  
  42  4:42  SCV  
  44  4:50  Cyclone  
  44  4:52  Orbital Command  
  44  4:54  Banshee, Cloaking Field  
  44  4:55  SCV  
  47  5:07  SCV  
  47  5:08  Marine  
  47  5:11  Bunker  
  49  5:17  SCV  
  49  5:19  SCV  
  50  5:24  Cyclone  
  53  5:30  SCV  
  53  5:32  SCV  
  53  5:35  Command Center  
  55  5:38  Marine  
  55  5:40  Supply Depot  
  55  5:41  Banshee  
  55  5:42  SCV  
  60  5:44  SCV  
  58  5:54  SCV  
  58  5:56  SCV  
  60  5:58  Barracks Reactor  
  60  6:03  Supply Depot  
  60  6:04  Factory Tech Lab  
  60  6:06  SCV  
  60  6:09  SCV  
  60  6:12  Barracks  
  60  6:14  Barracks  
  60  6:18  SCV  
  61  6:22  SCV  
  61  6:23  Banshee  
  65  6:29  Siege Tank  
  65  6:30  SCV  
  69  6:33  Refinery  
  69  6:34  SCV  
  69  6:37  Marine x2  
  72  6:42  SCV  
  72  6:46  SCV  
  73  6:54  SCV  
  73  6:55  Marine x2  
  73  6:58  Orbital Command, SCV  
  73  7:01  Siege Tank  
  77  7:06  Marine x2, SCV  
  77  7:07  Refinery  
  75  7:14  Marine x2  
  75  7:15  SCV  
  75  7:18  SCV  
  73  7:23  Barracks  
  73  7:24  Raven, Marine  
  73  7:25  SCV, Engineering Bay  
  73  7:26  Barracks, Engineering Bay  
  78  7:31  SCV x2  
  78  7:35  Marine x2  
  78  7:39  Marine  
  78  7:40  Stimpack  
  78  7:41  Factory Reactor, SCV  
  78  7:42  Marine  
  78  7:43  SCV x2  
  81  7:53  Marine x2, Supply Depot  
  83  7:59  Missile Turret  
  83  8:01  Missile Turret  
  85  8:11  Marine x2  
  86  8:13  Terran Infantry Weapons Level 1, Terran Infantry Armor Level 1  
  86  8:14  Missile Turret, SCV x2  
  86  8:16  Starport Reactor  
  86  8:19  Marauder  
  89  8:23  Barracks Tech Lab  
  89  8:26  Factory Reactor  
  90  8:27  Marauder  
  90  8:28  Marine  
  90  8:29  Marine  
  92  8:36  Marine x2  
  92  8:40  Supply Depot  
  92  8:41  Supply Depot x2  
  94  8:42  Marauder, Supply Depot  
  94  8:43  Marauder  
  94  8:44  Supply Depot  
  94  8:46  Marine x2, Orbital Command  
  100  8:54  Medivac x2  
  101  8:57  Combat Shield, Concussive Shells  
  101  9:01  Marine x2, Supply Depot  
  103  9:02  Missile Turret, Supply Depot  
  103  9:03  Marine  
  103  9:07  Widow Mine x2, Marine  
  109  9:10  Marine  
  110  9:17  Marauder x2  
  110  9:22  Marine x2  
  110  9:23  SCV x2  
  118  9:25  Supply Depot  
  118  9:28  Medivac x2  
  118  9:29  Widow Mine  
  118  9:30  Widow Mine  
  126  9:32  Marine x2  
  126  9:33  SCV  
  126  9:35  SCV  
  126  9:37  SCV  
  130  9:41  Marine x2, Supply Depot  
  132  9:46  Supply Depot  
  132  9:47  Marauder x2, Supply Depot  
  132  9:51  Marauder, Widow Mine x2  
  142  9:53  Orbital Command  
  139  10:01  Marine x2  
  127  10:12  SCV x2  
Tags
 
Add a new tag
Caveats
  • Supply blocks, unpowered buildings, or Contaminate may cause inaccurate times.
  • Supply counts are checked every 10 seconds.